 Dungeon Crawl Stone Soup version 0.28-a0-1506-g3893175d92 (webtiles) character file.

Game seed: 3328875443089928654

10 comborobin the Sneak (level 2, -2/36 HPs)
             Began as a Human Delver on Jan 14, 2022.
             Was a Follower of Uskayaw.
             Slain by an orc (3 damage)
             ... on level 4 of the Dungeon.
             The game lasted 00:00:50 (218 turns).

comborobin the Sneak (Human Delver)                  Turns: 218, Time: 00:00:50

Health: -2/36      AC:  3    Str: 12    XL:     2   Next: 30%
Magic:  2/2        EV: 12    Int: 10    God:    Uskayaw [*.....]
Gold:   17         SH:  0    Dex: 14    Spells: 1/1 levels left

rFire   . . .      SeeInvis .   a - +0 mace
rCold   . . .      Faith    .   (no shield)
rNeg    . . .      Spirit   .   b - +0 leather armour
rPois   .          Reflect  .   (no helmet)
rElec   .          Harm     .   (no cloak)
rCorr   .          Rampage  .   (no gloves)
Will    .....                   (no boots)
Stlth   ..........              (no amulet)
HPRegen 0.12/turn               (no ring)
MPRegen 0.08/turn               (no ring)

@: berserking, lethally poisoned (-2 -> -5), very quick
A: no striking features
a: Renounce Religion, Stomp


You were on level 4 of the Dungeon.
You worshipped Uskayaw.
Uskayaw was noncommittal.
You visited 1 branch of the dungeon, and saw 3 of its levels.

You collected 17 gold pieces.

Inventory:

Hand Weapons
 a - a +0 mace (weapon)
Armour
 b - a +0 leather armour (worn)
Wands
 g - a wand of digging (3)
Scrolls
 c - a scroll of fog
 e - a scroll of fear


   Skills:
 - Level 3.0 Fighting
 + Level 2.8 Maces & Flails
 - Level 2.0 Dodging
 - Level 5.0 Stealth


You had one spell level left.
You didn't know any spells.
Your spell library was empty.

Dungeon Overview and Level Annotations

Branches:
Dungeon (6/15)
 Temple: D:4-7

Altars:
Uskayaw

Shops:
D:4 [


Message History

Unknown command.
The adder skeleton barely misses you. The orc barely misses you.
The adder misses you.
Found a chain mail.
The adder skeleton bites you.
Okay, then.
You thump the adder!
The adder is almost dead.
The adder closely misses you.
You can now stomp with the beat.
You barely miss the orc. The orc closely misses you.
The adder barely misses you. The orc barely misses you.
The adder barely misses you.
You don't have enough magic capacity.
Unknown command.
Unknown command.
You hit the orc but do no damage. The adder bites you.
You are poisoned.
The adder poisons you!
The kobold throws a poisoned dart.
The poisoned dart barely misses you. The orc hits you with a +0 club.
Unknown command.
It was a potion of berserk rage.
A red film seems to cover your vision as you go berserk!
You feel yourself moving faster!
You feel mighty!
You feel sick. The adder bites you.
* * * LOW HITPOINT WARNING * * *
The orc hits you with a +0 club.
* * * LOW HITPOINT WARNING * * *
The adder barely misses you.
You thump the adder!
You kill the adder!
* * * LOW HITPOINT WARNING * * *
You feel sick. The kobold misses you. The orc closely misses you.
You have reached level 2!
You closely miss the kobold.
* * * LOW HITPOINT WARNING * * *
You feel sick.
The kobold hits you with a +0 short sword.
* * * LOW HITPOINT WARNING * * *
The orc hits you with a +0 club.
You die...

... ..# #.
##........###.[##. .##
..........#.....
...##.$....##...... .## ..
.................## ..##.. .
#................##......
.###.......................
..........#....K@o#........
#.......∩..#...##lZ....#
..............##...>#..#####
.......?##.....KZ...........
........##...##.......####..
..#.....###...#.........#
#....Z###.......>..#......
##?.........##....##.##...
#..........###......... ..


You could see an iguana, an orc, a kobold and an adder skeleton.

Vanquished Creatures
  An adder (D:4)
  A quokka (D:5)
2 creatures vanquished.

Notes
Turn   | Place    | Note
-------+----------+-------------------------------------------
     0 | D:5      | comborobin the Human Delver began the quest for the Orb.
     0 | D:5      | Reached XP level 1. HP: 18/18 MP: 1/1
     1 | D:6      | Noticed a jelly
     6 | D:6      | Noticed an orc warrior
    16 | D:5      | Noticed an iguana
    45 | D:5      | Noticed a phantom
    49 | D:5      | Noticed a centaur
    53 | D:4      | Noticed an iguana
    63 | D:4      | Found Mekumafo's Antique Armour Shoppe.
   142 | D:5      | Found a hide-covered altar of Uskayaw.
   178 | D:5      | Became a worshipper of Uskayaw the Reveller
   213 | D:4      | Reached * piety under Uskayaw
   218 | D:4      | Reached XP level 2. HP: 5/24 MP: 2/2
   218 | D:4      | HP: 1/36 [kobold (3)]
   218 | D:4      | Slain by an orc

Illustrated notes

Levels and vault maps discovered:
D:4:      layout_cave_pools, serial_shops, shop, ebering_ghost_sewer_d,
          uniq_blork_the_orc
D:5:      layout_loops_ring, kennysheep_mini, enter_ossuary_3,
          minmay_splitting_lines, grunt_decor_resistance
D:6:      layout_cave_pools, minmay_temple_entry_butterflies,
          nicolae_shop_self_help

Action                   || total
-------------------------++-------
Melee: Mace              ||     7
  Use: Potion            ||     2
       Scroll            ||     1
Armor: Leather armour    ||     3
Dodge: Dodged            ||    19

Table legend: (Time is in decaauts)
 A = Elapsed time spent in this place.
 B = Non-inter-level travel time spent in this place.
 C = Inter-level travel time spent in this place.
 D = Time resting spent in this place.
 E = Time spent auto-exploring this place.
 F = Levels seen in this place.
 G = Mean time per level.
                   A        B        C        D        E       F      G
               +--------+--------+--------+--------+--------+-----+--------+
         Total |    202 |    198 |      4 |     23 |     48 |   3 |   67.3 |
       Dungeon |    202 |    198 |      4 |     23 |     48 |   3 |   67.3 |
               +--------+--------+--------+--------+--------+-----+--------+

Top non-repeatable levels by time:
     D:5: 164 daAuts
     D:4: 33 daAuts
     D:6: 4 daAuts
